AoeStats
← Katharziz

Four Lakes

509605606Analyzed
1v1 RM · 6d ago on Sep 27, 2026· 28m 9s· 2 players
Game mode
Random Map
Map size
Tiny (2 player)
Population
200
Speed
Normal
Resources
Standard
Victory
Conquest
Starting age
Dark Age
Ending age
Imperial Age
RankedLock teamsTeams togetherTeam positionsShared explorationLock speedFull tech treeHidden civsTurbo modeCheats
Victory
Defeat
🇵🇱 Japanese · Poland
1119
+15
🇨🇳 Spanish · China
1106
-15
xiaoye
3:30 Loom
11:28 Feudal Age
11:39 Feudal Age
15:45 Castle Age
14:18 Stone Mining
17:56 Scale Barding Armor
18:23 Double-Bit Axe
19:22 Horse Collar
23:08 Fletching
24:06 Padded Archer Armor
28:11 Bloodlines
Katharziz
8:22 Loom
10:36 Feudal Age
11:15 Double-Bit Axe
15:55 Castle Age
14:59 Fletching
17:10 Bodkin Arrow
17:58 Wheelbarrow
18:49 Padded Archer Armor
19:25 Gold Mining
20:53 Bow Saw
22:30 Thumb Ring
23:12 Leather Archer Armor
23:46 Ballistics
23:46 Town Watch
26:18 Hand Cart
Connection lost

Rejoining the realm…

Still unreachable

The connection could not be restored.

Session expired

The server has moved on; the page needs a fresh start.